 Dungeon Crawl Stone Soup version 0.21-a0-227-g58a7c62 (webtiles) character file.

2 Gorglomux the Insei (level 1, -1/15 HPs)
             Began as a Gnoll Transmuter on Aug 30, 2017.
             Slain by a gnoll
             ... wielding a cursed -1 spear
              (5 damage)
             ... on level 1 of the Dungeon.
             The game lasted 00:00:35 (55 turns).

Gorglomux the Insei (Gnoll Transmuter)                Turns: 55, Time: 00:00:36

Health: -1/15      AC:  2    Str:  7    XL:     1   Next: 40%
Magic:  3/4        EV: 12    Int:  7    God:
Gold:   0          SH:  0    Dex:  7    Spells: 5/6 levels left

rFire    . . .     SeeInvis .     - Unarmed
rCold    . . .     Gourm    .   (no shield)
rNeg     . . .     Faith    .   b - +0 robe
rPois    .         Spirit   .   (no helmet)
rElec    .         Reflect  .   (no cloak)
rCorr    .         Harm     .   (no gloves)
MR       .....                  (boots currently unavailable)
Stlth    +.........             (no amulet)
HPRegen  0.05/turn              (no ring)
MPRegen  0.09/turn              (no ring)

@: appendage
A: unchanging attributes, fangs 1, talons 3, strong nose
a: End Transformation


You were on level 1 of the Dungeon.
You were not hungry.
You had grown temporary talons.
You visited 1 branch of the dungeon, and saw 1 of its levels.

Inventory:

Missiles
 a - 12 arrows
Armour
 b - a +0 robe (worn)
Potions
 e - a potion of curing {unknown}
Books
 c - a book of Changes

   Spells                             Type                      Level
   a - Beastly Appendage              Transmutation                1
   b - Sticks to Snakes               Transmutation                2
   c - Spider Form                    Transmutation/Poison         3
   d - Ice Form                       Ice/Transmutation            4
   e - Blade Hands                    Transmutation                5
Comestibles
 d - a bread ration


   Skills:
 + Level 1.3 Fighting
 - Level 2.6 Dodging
 + Level 4.0 Unarmed Combat
 + Level 3.0 Spellcasting
 + Level 2.9 Transmutations


You had 5 spell levels left.
You knew the following spells:

 Your Spells              Type           Power        Failure   Level  Hunger
a - Beastly Appendage     Tmut           #.....       11%         1    ##.....


Dungeon Overview and Level Annotations

Branches:
Dungeon (1/15)

Altars:


Innate Abilities, Weirdness & Mutations

Your physical attributes are unchanging.
You have very sharp teeth.
Your uncanny sense of smell can sniff out nearby items.
You have claws for feet.


Message History

The bat barely misses you! The bat closely misses you!
The bat barely misses you! The bat misses you! x2
The bat butts you but does no damage!
You barely butts the bat! The bat hits you but does no damage!
Casting: Beastly Appendage
Confirm with ! or Enter, or press ? or * to list all spells!
Your feet morph into talons!
The gnoll barely misses you! The giant cockroach barely misses you!
You barely miss the gnoll! The bat barely butts you!
The gnoll hits you but does no damage! The giant cockroach barely misses you!
You closely miss the gnoll! The bat hits you but does no butt!
The giant cockroach butts you! * * * don't die
* * * The gnoll closely misses you!
You pulverise the gnoll but do butt damage!
The bat hits you but does no damage!
The giant cockroach completely misses you!
The gnoll hits you with an enchanted spear! rip

#.# ##.## #.# .#
...###...###... ..#
....#.....#....∆#. ...#
##.......## #..
....###....<....###...
.....#...........#.....
#.....#####.#####......
#.....###.K.###......
#....@#.g...#[....#.
##..bsg#####.........
#......###....$#.#.#
#.#.....#..K).##..##
......=.......##.....
...##........?.)...#
.## ##.##.#....###.#
#.#.###..## #..# ##..


You could see a gnoll, a giant cockroach and a bat.

Vanquished Creatures
  2 goblins (D:1)
2 creatures vanquished.

Notes
Turn   | Place    | Note
-------+----------+-------------------------------------------
     0 | D:1      | Gorglomux the Gnoll Transmuter began the quest for the Orb.
     0 | D:1      | Reached XP level 1. HP: 15/15 MP: 4/4
    55 | D:1      | Slain by a gnoll

Vault maps used:
D:1:      onia_arrival_pyramid, minmay_pentomino_x4

Action                   || total
-------------------------++-------
Melee: Unarmed           ||    23
       Headbutt          ||     1
 Cast: Beastly Appendage ||     3
Armor: Robe              ||    20
Dodge: Dodged            ||    41

Table legend:
 A = Spawn XP
 B = Non-spawn XP
 C = Spawn XP percentage of total XP
 D = Spawn monster count
 E = Non-spawn monster count
 F = Spawn count percentage of total count
 G = Total turns spent on level
                    A         B        C        D         E        F      G
               +---------+---------+-------+---------+---------+-------+---------
         Total |       0 |       4 |   0.0 |       0 |       2 |   0.0 |    55
               +---------+---------+-------+---------+---------+-------+---------
           D:1 |       0 |       4 |   0.0 |       0 |       2 |   0.0 |    55
               +---------+---------+-------+---------+---------+-------+---------
